Map: Thunderbird LE

Players

pHARM

  • Race: Zerg Zerg
  • League: Platinum
  • Spawn Location: 5:00

BanesRmuslim - Winner!

  • Race: Zerg Zerg
  • Spawn Location: 11:00

VOD

Have the link to the VOD?

Description

Time

  • Played on: Sept. 1, 2019, 7:14 p.m.
  • Length: 11:12
Show
View Real Time Build Order
Export as new Build Order

pHARM Zerg 

Build Orders: Hatch First 

Get SALT Encoding   

  12  0:01  Drone  
  13  0:12  Drone  
  14  0:16  Overlord  
  14  0:34  Drone  
  14  0:35  Drone  
  16  0:51  Hatchery  
  16  0:57  Drone x2  
  16  0:59  Drone  
  18  1:16  Spawning Pool  
  17  1:20  Drone  
  17  1:21  Drone  
  19  1:33  Drone  
  19  1:37  Extractor  
  19  1:41  Drone  
  20  2:01  Drone  
  20  2:02  Drone  
  20  2:03  Queen  
  20  2:04  Queen  
  20  2:07  Drone  
  27  2:15  Drone  
  27  2:18  Overlord  
  28  2:36  Zergling x8  
  32  2:41  Lair  
  32  2:44  Queen  
  32  2:49  Drone x2  
  36  3:02  Overlord x2  
  36  3:11  Evolution Chamber  
  36  3:12  Roach Warren  
  34  3:14  Evolution Chamber  
  34  3:17  Drone  
  34  3:18  Drone x2  
  34  3:19  Overlord  
  36  3:23  Drone x2  
  38  3:42  Zerg Missile Weapons Level 1  
  38  3:43  Drone x5  
  43  3:51  Glial Reconstitution  
  43  3:54  Drone x4  
  43  3:55  Drone  
  47  4:20  Drone  
  47  4:21  Drone x3  
  51  4:27  Extractor  
  51  4:28  Overlord x3  
  51  4:29  Overlord, Extractor  
  49  4:43  Hatchery  
  45  5:02  Drone x2  
  45  5:04  Roach x4  
  55  5:15  Overseer  
  55  5:25  Overlord  
  55  5:31  Zerg Ground Armor Level 1  
  55  5:38  Roach x4  
  55  5:39  Hydralisk Den  
  63  5:42  Drone  
  63  5:43  Drone x3  
  66  6:06  Drone x12  
  78  6:16  Zerg Missile Weapons Level 2  
  78  6:19  Grooved Spines  
  78  6:27  Infestation Pit, Drone  
  78  6:29  Extractor  
  77  6:37  Extractor  
  76  6:40  Extractor  
  76  6:42  Roach x2  
  76  6:43  Roach x5  
  89  6:50  Drone x3  
  92  7:13  Overlord x5  
  92  7:35  Zerg Ground Armor Level 2  
  92  7:37  Hydralisk x7  
  92  7:38  Hydralisk  
  92  7:40  Drone x7  
  115  7:59  Hydralisk  
  115  8:00  Hydralisk x5  
  127  8:09  Hatchery  
  127  8:12  Hive  
  126  8:14  Overlord x6  
  124  8:50  Hydralisk x10  
  144  9:07  Drone x9  
  144  9:08  Drone  
  154  9:34  Drone x2  
  154  9:35  Drone  
  154  9:36  Drone  
  158  9:38  Hydralisk x6  
  158  9:43  Extractor  
  158  9:45  Drone  
  170  10:03  Spire  
  169  10:07  Overlord  
  169  10:08  Overlord x2  
  169  10:09  Hydralisk x7  
  169  10:13  Overlord x2  
  183  10:51  Overseer x5  
Show
View Real Time Build Order
Export as new Build Order

BanesRmuslim Zerg - Winner!

Build Orders: Hatch First, Lurkers, Roach Hydra 

Get SALT Encoding   

  12  0:01  Drone  
  13  0:13  Overlord  
  13  0:17  Drone  
  14  0:31  Drone  
  14  0:32  Drone  
  14  0:35  Drone  
  17  0:46  Drone  
  18  0:56  Hatchery  
  17  1:09  Spawning Pool  
  16  1:11  Drone  
  16  1:14  Drone  
  16  1:18  Extractor  
  17  1:19  Drone  
  18  1:28  Drone  
  19  1:56  Zergling x4  
  19  2:01  Zergling x2  
  22  2:07  Queen  
  22  2:08  Queen  
  24  2:10  Overlord  
  26  2:17  Drone  
  26  2:21  Drone  
  28  2:28  Drone, Baneling Nest  
  28  2:29  Drone  
  29  2:34  Drone  
  30  2:37  Metabolic Boost  
  30  2:44  Drone x2  
  32  2:54  Drone x2  
  34  3:05  Overlord, Drone  
  35  3:16  Drone  
  35  3:17  Overlord  
  35  3:23  Evolution Chamber  
  34  3:33  Evolution Chamber, Roach Warren  
  32  3:35  Drone x4  
  32  3:36  Drone x2  
  38  3:44  Drone  
  38  3:47  Drone  
  40  3:51  Zerg Missile Weapons Level 1  
  40  3:53  Drone  
  41  3:58  Pneumatized Carapace  
  41  4:01  Extractor  
  41  4:02  Drone  
  41  4:04  Drone  
  42  4:10  Baneling x3  
  42  4:16  Drone x2  
  44  4:22  Extractor  
  44  4:23  Extractor  
  42  4:27  Drone x2  
  44  4:37  Drone x3  
  46  4:47  Drone x4  
  50  4:56  Lair  
  50  4:57  Drone  
  51  5:05  Drone  
  52  5:16  Overlord  
  52  5:17  Overlord x3  
  52  5:19  Zerg Ground Armor Level 1  
  52  5:23  Hatchery  
  52  5:26  Drone  
  52  5:33  Overlord x2  
  52  5:37  Queen  
  54  5:44  Roach x4  
  62  5:57  Glial Reconstitution  
  62  5:58  Roach x2  
  62  6:01  Baneling  
  66  6:08  Roach x2  
  66  6:10  Drone  
  71  6:14  Zerg Missile Weapons Level 2  
  71  6:16  Drone  
  72  6:22  Drone  
  73  6:25  Hydralisk Den  
  73  6:28  Roach  
  73  6:31  Ravager x3  
  77  6:36  Drone x2  
  77  6:37  Hatchery  
  78  6:42  Drone x2  
  78  6:46  Spore Crawler  
  79  6:47  Overseer  
  79  6:48  Drone x2  
  79  6:49  Drone x2  
  79  6:52  Drone x4  
  87  7:00  Muscular Augments  
  87  7:03  Lurker Den  
  87  7:06  Ravager  
  87  7:19  Drone x3  
  87  7:20  Drone x5  
  87  7:21  Drone x3  
  87  7:22  Overlord x4, Extractor  
  98  7:24  Extractor  
  98  7:28  Hydralisk x2, Roach  
  102  7:40  Zerg Ground Armor Level 2  
  101  7:52  Roach  
  101  7:53  Hydralisk x4  
  101  7:55  Drone x4  
  101  7:56  Drone x3  
  118  7:59  Drone  
  118  8:00  Queen  
  121  8:08  Spire, Spore Crawler  
  121  8:10  Drone x3  
  121  8:28  Spine Crawler, Extractor  
  121  8:29  Hydralisk x2, Spore Crawler, Extractor  
  121  8:30  Hydralisk x6  
  121  8:33  Drone x3  
  121  8:34  Drone x5  
  139  8:35  Overlord  
  141  8:43  Overseer  
  141  8:48  Overlord  
  141  8:49  Overlord x4  
  141  8:56  Hatchery  
  141  8:58  Queen  
  142  9:09  Hydralisk x6  
  146  9:10  Hydralisk x4  
  162  9:17  Overseer x2  
  162  9:19  Lurker  
  163  9:28  Lurker x2  
  165  9:36  Grooved Spines  
  165  9:39  Zergling x8  
  165  9:40  Zergling x30  
  184  10:02  Hydralisk x2  
  184  10:03  Hydralisk x2  
  184  10:04  Overlord  
  184  10:05  Overlord  
  192  10:08  Infestation Pit  
  192  10:11  Queen  
  192  10:12  Overlord x2  
  193  10:18  Lurker  
  193  10:19  Lurker x4  
Tags
 
League
Platinum
Matchup
ZvZ
Race
Zerg
Replay Pack
10.7.19
Spawn Locations
Cross Positions
Add a new tag
Caveats
  • Supply blocks, unpowered buildings, or Contaminate may cause inaccurate times.
  • Supply counts are checked every 10 seconds.